 Dungeon Crawl Stone Soup version 0.22.1 (webtiles) character file.

111 dvd the Changer (level 4, -3/19 HPs)
             Began as a Felid Transmuter on Sept 19, 2018.
             Was a Follower of Uskayaw.
             Slain by Sigmund
             ... wielding a +0 scythe
              (12 damage)
             ... on level 3 of the Dungeon.
             The game lasted 00:10:33 (4015 turns).

dvd the Changer (Felid Transmuter)                  Turns: 4015, Time: 00:10:34

Health: -3/19      AC:  2    Str:  6    XL:     4   Next: 62%
Magic:  5/9        EV: 22    Int: 16    God:    Uskayaw [*.....]
Gold:   205        SH:  0    Dex: 21    Spells: 4/8 levels left
                                        Lives:  0   Deaths: 1

rFire    . . .     SeeInvis +     - Unarmed
rCold    . . .     Gourm    .   (shield unavailable)
rNeg     . . .     Faith    .   (armour unavailable)
rPois    x         Spirit   .   (helmet unavailable)
rElec    .         Reflect  .   (cloak unavailable)
rCorr    .         Harm     .   (gloves unavailable)
MR       .....                  (boots unavailable)
Stlth    +++.......             o - amulet of magic regeneration
HPRegen  0.06/turn              n - ring of stealth
MPRegen  0.36/turn              (no ring)

@: spider-form, very slightly contaminated
A: tiny, no armour, no weapons or thrown items, stealth, see invisible,
carnivore, slow metabolism 1
a: End Transformation, Stomp, Renounce Religion


You were on level 3 of the Dungeon.
You worshipped Uskayaw.
Uskayaw was noncommittal.
You were completely stuffed.
You were a venomous arachnid creature.
You visited 1 branch of the dungeon, and saw 3 of its levels.

You collected 205 gold pieces.

Inventory:

Missiles
 a - 35 arrows
Jewellery
 n - a ring of stealth (left front leg)
 o - an amulet of magic regeneration (around neck)
Scrolls
 e - 2 scrolls of identify {unknown}
 f - a scroll of teleportation {unknown}
Potions
 b - a potion of heal wounds
 d - 4 potions of agility {unknown}
 g - a potion of flight {unknown}
 h - a potion of haste {unknown}
 j - a potion of lignification {unknown}
 k - 2 potions of curing {unknown}
 l - 2 potions of berserk rage {unknown}
 m - a potion of ambrosia {unknown}
 p - a potion of brilliance {unknown}
 q - a potion of might {unknown}
Comestibles
 c - 4 rations


   Skills:
 + Level 1.2 Fighting
 + Level 3.6 Dodging
 + Level 1.3 Stealth
 + Level 3.6 Unarmed Combat
 + Level 2.8 Spellcasting
 * Level 3.9 Transmutations
 + Level 0.7 Poison Magic
 * Level 1.3 Invocations


You had 4 spell levels left.
You knew the following spells:

 Your Spells              Type           Power        Failure   Level  Hunger
a - Beastly Appendage     Tmut           ##....       12%         1    #......
b - Spider Form           Tmut/Pois      #.........   43%         3    ###....

Your spell library contained the following spells:

 Spells                   Type           Power        Failure   Level  Hunger
 Sticks to Snakes         Tmut           ##......     17%         2    ##.....
 Ice Form                 Ice/Tmut       #.......     82%         4    #####..
 Blade Hands              Tmut           ##........   87%         5    ######.


Dungeon Overview and Level Annotations

Branches:
Dungeon (3/15)

Altars:
Uskayaw

Annotations:
D:3 1 exclusion, Sigmund


Innate Abilities, Weirdness & Mutations

You cannot wear armour.
You are incapable of wielding weapons or throwing items.
Your paws allow you to move quietly. (Stealth)
((You have sharp claws.))
((You have razor-sharp teeth.))
You have supernaturally acute eyesight. (SInv)
You are carnivorous and can eat meat at any time.
((You cover ground quickly.))
((You are covered in fur. (AC +1)))
You have a slow metabolism.
((Your sharp claws are effective at attacking unaware monsters.))


Message History

You are very lightly contaminated with residual magic.
You smell something strange.
Sigmund shouts!
Sigmund says, "You will soon forget everything."
Casting: Spider Form (safe; 22% risk of failure)
Confirm with . or Enter, or press ? or * to list all spells.
You turn into a venomous arachnid creature.
Unknown command.
Sigmund hits you with a scythe.
You hit Sigmund.
Sigmund is poisoned.
Sigmund is lightly wounded.
You hit Sigmund.
Sigmund is moderately wounded.
Sigmund casts a spell at you. The puff of flame hits you!
You hit Sigmund.
Sigmund looks as sick as possible!
Sigmund is moderately wounded.
Sigmund hits you with a scythe!
Ouch! That really hurt!
You die...

#.#.....#
#....#..#..#
#########..#..#..#
.g.rS.K.....>.#..##
########.(#.......
# #.[#.###... #
#..#S# #.# # #..#..
#@# # #..######s# #
#.........# ##
#.######### .# #.#
.## #.##### ..#
#.....# ..##
#.....# #..#
#.....# #r.###
#.#####


You could see Sigmund.

Vanquished Creatures
  An orc priest (D:3)
  4 gnolls (D:2)
  4 adders
  An ooze (D:2)
  A worm (D:3)
  2 dart slugs (D:1)
  2 leopard geckos (D:1)
  2 orcs (D:3)
  6 giant cockroaches
  9 goblins
  6 hobgoblins
  5 jackals (D:1)
  8 kobolds
  3 quokkas
  4 ball pythons
  7 bats
  4 frilled lizards
  10 rats
79 creatures vanquished.

Notes
Turn   | Place    | Note
-------+----------+-------------------------------------------
     0 | D:1      | dvd the Felid Transmuter began the quest for the Orb.
     0 | D:1      | Reached XP level 1. HP: 9/9 MP: 4/4
   207 | D:1      | Reached XP level 2. HP: 9/12 MP: 3/6
  1113 | D:1      | Reached XP level 3. HP: 15/15 MP: 5/7
  1122 | D:1      | Learned a level 3 spell: Spider Form
  1920 | D:2      | Found a hide-covered altar of Uskayaw.
  1935 | D:2      | Became a worshipper of Uskayaw the Reveler
  1979 | D:2      | Reached * piety under Uskayaw
  1980 | D:2      | Reached XP level 4. HP: 16/19 MP: 6/8
  2760 | D:3      | Noticed Sigmund
  3274 | D:3      | Reached ** piety under Uskayaw
  3347 | D:3      | Reached skill level 1 in Invocations
  3347 | D:3      | Reached XP level 5. HP: 22/22 MP: 10/10
  3794 | D:3      | Reached skill level 1 in Stealth
  3925 | D:3      | Killed from afar by an orc priest
  3926 | D:3      | Reached XP level 4. HP: -3/19 MP: 9/9
  4015 | D:3      | Slain by Sigmund

Skill      XL: |  1  2  3  4  5 |
---------------+----------------+-----
Dodging        | 3 |  3.6
Transmutations | 3 |  3.9
Invocations    | 1 |  1.3
Stealth        | 1 |  1.3
Fighting       | |  1.2
Unarmed Combat | |  3.6
Spellcasting   | |  2.8
Poison Magic   | |  0.7

Action                   |  1- 3 |  4- 6 || total
-------------------------+-------+-------++-------
Melee: Unarmed           |   116 |    76 ||   192
       Headbutt          |    20 |     3 ||    23
       Bite              |     5 |     3 ||     8
 Cast: Beastly Appendage |    30 |     8 ||    38
       Spider Form       |       |    15 ||    15
 Stab: Sleeping          |     7 |     8 ||    15
  Eat: Chunk             |    10 |    12 ||    22
Armor: Skin              |     4 |     4 ||     8
Dodge: Dodged            |    75 |    70 ||   145
